 Dungeon Crawl Stone Soup version 0.14-a0-2723-gdc5d926 (webtiles) character file.

235 RedPan the Cudgeler (level 5, -1/32 HPs)
             Began as a Gargoyle Fighter on Feb 19, 2014.
             Slain by a hobgoblin
             ... wielding a +0,+0 club
              (2 damage)
             ... while paralysed by a potion of paralysis
             ... on Level 3 of the Dungeon.
             The game lasted 00:05:30 (2009 turns).

RedPan the Cudgeler (Gargoyle Fighter)              Turns: 2009, Time: 00:05:30

HP  -1/32        AC 10     Str 21      XL: 5   Next:  8%
MP  14/14        EV  2     Int  8      God:
Gold 111         SH  0     Dex 14      Spells:  0 memorised,  4 levels left

rFire  . . .     SeeInvis .     a - +0 mace
rCold  . . .     Clarity  .     b - +0 scale mail
rNeg   + . .     Conserve .     c - +0 shield
rPois  +         rCorr    .     (no helmet)
rElec  +         rRot     +     (no cloak)
SustAb . .       Spirit   .     (no gloves)
rMut   .         Warding  .     (no boots)
Saprov . . .     Stasis   .     (no amulet)
MR     +....                    w - ring of magical power
                                l - ring of protection from magic {unknown}

@: paralysed, invisible, agile, very slightly contaminated, somewhat resistant
to hostile enchantments, very unstealthy
A: blurry vision 1, carnivore 1, life protection 1, electricity resistance, slow
metabolism 1, unbreathing, petrification resistance, AC +4
a: no special abilities


You were on level 3 of the Dungeon.
You were not hungry.

You visited 1 branch of the dungeon, and saw 3 of its levels.

You collected 111 gold pieces.

Inventory:

Hand weapons
 a - a +0,+0 mace (weapon)
Armour
 b - a +0 scale mail (worn)
 c - a +0 shield (worn)
Comestibles
 d - 3 bread rations
 h - 2 chokos
 s - a pear
 A - a meat ration
Scrolls
 e - 3 scrolls of identify
 g - 3 scrolls of remove curse {unknown}
 i - a scroll of curse weapon {unknown}
 m - a scroll of recharging {unknown}
 p - a scroll of amnesia {unknown}
 r - a scroll of fog {unknown}
 t - 2 scrolls of enchant weapon I {unknown}
 x - 2 scrolls of noise {unknown}
Jewellery
 l - a ring of protection from magic (left hand) {unknown}
 q - an uncursed amulet of stasis
 w - a ring of magical power (right hand)


   Skills:
 - Level 3.2 Fighting
 + Level 5.5 Maces & Flails
 - Level 3.2 Armour
 - Level 3.2 Shields


You had 4 spell levels left.
You didn't know any spells.

Dungeon Overview and Level Annotations

Branches:
Dungeon (3/16)

Altars:
Elyvilon
Xom


Innate Abilities, Weirdness & Mutations

You are resistant to torment.
You are immune to poison.
Your stone body is very resilient (AC +4).
You resist negative energy.
You are resistant to electric shocks.
You can survive without breathing.
You are immune to petrification.
Your vision is a little blurry.
Your digestive system is specialised to digest meat.
You have a slow metabolism.


Message History

The orc barely misses you. The goblin barely misses you.
The orc priest hits you but does no damage.
The hobgoblin barely misses you. The goblin hits you but does no damage.
The orc priest hits you but does no damage.
The orc barely misses you.
The orc priest mumbles some strange prayers to Beogh.
You feel troubled.
You feel less confused. The goblin hits you but does no damage.
The hobgoblin hits you but does no damage.
The orc priest looks braver.
The orc priest hits you but does no damage.
The orc hits you but does no damage. The goblin hits you but does no damage.
The orc priest mumbles some strange prayers to Beogh against you.
Something smites you!
* * * LOW HITPOINT WARNING * * *
The hobgoblin hits you with a club.
You die...

... ......... ...........
... .............
......................
#......................
.......................
..............ooo.......
...[..........o@g.......
#...............g.......
#.# #.........(.........
#.# #........(....<.....
##.# #.....((...........
...###......(...........
.......................
..#############.......#####
..# ....g........#


You could see 2 orc priests, 2 orcs, a hobgoblin and 2 goblins.

Vanquished Creatures
  Jessica (D:3)
  4 adders
  A giant mite (D:1)
  2 worms (D:2)
  An ooze (D:1)
  3 giant geckos
  2 orcs (D:3)
  3 ball pythons
  4 giant cockroaches
  9 hobgoblins
  9 bats
  3 giant newts
  2 goblins (D:1)
  4 kobolds
  5 rats
53 creatures vanquished.

Notes
Turn   | Place    | Note
--------------------------------------------------------------
     0 | D:1      | RedPan, the Gargoyle Fighter, began the quest for the Orb.
     0 | D:1      | Reached XP level 1. HP: 14/14 MP: 1/1
   204 | D:1      | Reached XP level 2. HP: 14/19 MP: 2/2
   480 | D:1      | Reached XP level 3. HP: 7/23 MP: 3/3
   812 | D:2      | Reached skill level 4 in Maces & Flails
  1023 | D:2      | Found a white marble altar of Elyvilon.
  1129 | D:2      | Found a shimmering altar of Xom.
  1138 | D:2      | Reached XP level 4. HP: 23/28 MP: 4/4
  1499 | D:2      | Reached skill level 5 in Maces & Flails
  1838 | D:3      | Noticed Jessica
  1872 | D:3      | Killed Jessica
  1872 | D:3      | Reached XP level 5. HP: 28/32 MP: 5/5
  1999 | D:3      | HP: 1/32 [orc priest/orcish club (2)]
  2001 | D:3      | Gained mutation: Your vision is a little blurry. [potion of mutation]
  2001 | D:3      | Gained mutation: You have a slow metabolism. [potion of mutation]
  2001 | D:3      | Gained mutation: Your digestive system is specialised to digest meat. [potion of mutation]
  2005 | D:3      | Paralysed by a potion of paralysis for 6 turns
  2009 | D:3      | HP: 1/32 [orc priest/divine providence (12)]
  2009 | D:3      | Slain by a hobgoblin

Action                   |  1- 3 |  4- 6 || total
-------------------------+-------+-------++-------
Melee: Mace              |   135 |   100 ||   235
  Use: Potion            |       |    10 ||    10
       Scroll            |       |     4 ||     4
